[ AOE2 MATCH · #484890557 ]
UnrankedSaracens vs Dravidians
Player's team · WIN
[ REPLAY ANALYSIS · EXTRACTED FROM THE RECORDED GAME ]
Feudal
21:30
Castle
32:25
Imperial
—
| APM avg | 25.2 |
| APM peak | 65 |
| eAPM avg | 14.5 |
| Villagers / military | 68 / 0 |
Focus
⚔️ 23.0% · 🌾 77.0%
Feudal
—
Castle
—
Imperial
—
| APM avg | 39.5 |
| APM peak | 99 |
| eAPM avg | 21.6 |
| Villagers / military | 85 / 18 |
Focus
⚔️ 27.6% · 🌾 72.4%
Archer ×15 · Fishing Ship ×5 · Skirmisher ×3
Match map
Initial resources + every placement click. Lines = walls · curves = elevation contours. ◆ gold · ⬟ stone · ● berries · ✦ relic · ◌ wall gap
Your base· Open — opponent sealed themselves in
JanChess's base· ✓ Closed at 12:00 · 15t walls · no gate
Smoothed initial terrain · ◌ = detected wall gap · hover for details
Inputs per minute
— DS_Gitano Urbano - - JanChess
Build order — DS_Gitano Urbano
119 actions detected in the replay
| 0:01 | Create | Villager (Male) ×4 |
| 0:02 | Build | House |
| 0:04 | Build | House |
| 1:29 | Create | Villager (Male) |
| 1:46 | Build | Lumber Camp |
| 1:50 | Create | Villager (Male) |
| 1:51 | Create | Villager (Male) |
| 2:24 | Create | Villager (Male) |
| 2:24 | Create | Villager (Male) |
| 2:34 | Research | Loom |
| 3:03 | Create | Villager (Male) |
| 3:03 | Create | Villager (Male) |
| 3:48 | Create | Villager (Male) |
| 4:10 | Create | Villager (Male) |
| 4:56 | Build | Palisade Wall |
| 5:01 | Build | Palisade Wall |
| 5:03 | Create | Villager (Male) |
| 5:08 | Create | Villager (Male) |
| 5:33 | Create | Villager (Male) |
| 5:43 | Build | Palisade Wall |
| 5:45 | Build | Palisade Wall |
| 5:46 | Build | Palisade Wall |
| 6:02 | Create | Villager (Male) |
| 6:23 | Build | House |
| 6:27 | Build | House |
| 6:57 | Create | Villager (Male) |
| 6:58 | Create | Villager (Male) |
| 7:09 | Create | Villager (Male) |
| 7:46 | Create | Villager (Male) |
| 8:06 | Create | Villager (Male) |
| 8:38 | Create | Villager (Male) |
| 8:38 | Create | Villager (Male) |
| 9:06 | Create | Villager (Male) |
| 9:07 | Create | Villager (Male) |
| 9:07 | Create | Villager (Male) |
| 9:22 | Create | Villager (Male) |
| 9:51 | Build | House |
| 10:22 | Create | Villager (Male) |
| 10:46 | Build | Town Center |
| 11:35 | Create | Villager (Male) |
| 11:37 | Create | Villager (Male) |
| 12:03 | Create | Villager (Male) |
| 12:24 | Create | Villager (Male) |
| 13:00 | Create | Villager (Male) |
| 13:16 | Build | House |
| 14:14 | Build | Mill |
| 14:18 | Create | Villager (Male) |
| 14:18 | Create | Villager (Male) |
| 14:34 | Create | Villager (Male) |
| 14:58 | Create | Villager (Male) |
| 15:31 | Create | Villager (Male) |
| 15:38 | Build | Lumber Camp |
| 15:46 | Create | Villager (Male) |
| 16:02 | Create | Villager (Male) |
| 16:19 | Create | Villager (Male) |
| 16:43 | Create | Villager (Male) |
| 16:48 | Build | House |
| 17:02 | Create | Villager (Male) |
| 17:23 | Create | Villager (Male) |
| 17:29 | Create | Villager (Male) |
| 17:41 | Create | Villager (Male) |
| 18:14 | Build | House |
| 18:22 | Create | Villager (Male) |
| 18:28 | Build | House |
| 18:36 | Create | Villager (Male) |
| 19:20 | Research | Feudal Age |
| 19:20 | Research | Feudal Age |
| 20:19 | Build | Lumber Camp |
| 21:30 | Age | Feudal Age |
| 21:37 | Build | Market |
| 21:39 | Build | Blacksmith |
| 21:46 | Build | Watch Tower |
| 21:52 | Build | Watch Tower |
| 21:58 | Create | Villager (Male) |
| 21:59 | Create | Villager (Male) |
| 22:32 | Build | Watch Tower |
| 22:33 | Create | Villager (Male) |
| 22:41 | Build | Mining Camp |
| 22:43 | Create | Villager (Male) |
| 23:04 | Research | Fletching |
| 24:07 | Create | Villager (Male) |
| 24:15 | Build | House |
| 24:26 | Research | Town Watch |
| 24:45 | Create | Villager (Male) |
| 24:47 | Build | Farm |
| 24:47 | Build | Farm |
| 24:48 | Build | Farm |
| 24:48 | Build | Farm |
| 25:02 | Build | Watch Tower |
| 25:08 | Create | Villager (Male) |
| 25:28 | Create | Villager (Male) |
| 25:43 | Create | Villager (Male) |
| 25:47 | Build | Farm |
| 25:48 | Build | Farm |
| 25:53 | Create | Villager (Male) |
| 26:03 | Build | Watch Tower |
| 26:11 | Create | Villager (Male) |
| 26:23 | Build | Lumber Camp |
| 26:41 | Build | Watch Tower |
| 26:46 | Create | Villager (Male) |
| 27:01 | Build | House |
| 27:27 | Research | Double-Bit Axe |
| 27:47 | Create | Villager (Male) |
| 27:51 | Build | House |
| 28:06 | Create | Villager (Male) |
| 28:13 | Build | Watch Tower |
| 28:30 | Create | Villager (Male) |
| 29:05 | Create | Villager (Male) |
| 29:09 | Create | Villager (Male) |
| 29:42 | Research | Castle Age |
| 29:53 | Build | Mining Camp |
| 30:34 | Build | House |
| 31:14 | Build | Watch Tower |
| 31:46 | Build | Mining Camp |
| 32:11 | Create | Villager (Male) |
| 32:12 | Create | Villager (Male) |
| 32:25 | Age | Castle Age |
| 32:37 | Build | Castle |
| 32:55 | Research | Bodkin Arrow |
Build order — JanChess
First 150 of 173 actions detected
| 0:01 | Create | Villager (Male) |
| 0:01 | Create | Villager (Male) |
| 0:01 | Create | Villager (Male) |
| 0:02 | Create | Villager (Male) |
| 0:02 | Create | Villager (Male) |
| 0:03 | Build | House |
| 0:05 | Build | House |
| 0:16 | Research | Loom |
| 1:28 | Create | Villager (Male) |
| 1:28 | Create | Villager (Male) |
| 1:53 | Build | Palisade Wall |
| 1:56 | Create | Villager (Male) |
| 1:57 | Create | Villager (Male) |
| 2:04 | Build | Lumber Camp |
| 2:14 | Build | Palisade Wall |
| 2:16 | Build | Palisade Wall |
| 2:25 | Create | Villager (Male) |
| 2:25 | Create | Villager (Male) |
| 3:12 | Create | Villager (Male) |
| 3:12 | Create | Villager (Male) |
| 3:42 | Create | Villager (Male) |
| 3:42 | Create | Villager (Male) |
| 4:01 | Build | House |
| 4:14 | Create | Villager (Male) |
| 4:14 | Create | Villager (Male) |
| 4:54 | Create | Villager (Male) |
| 4:54 | Create | Villager (Male) |
| 5:03 | Create | Villager (Male) |
| 5:03 | Create | Villager (Male) |
| 5:27 | Create | Villager (Male) |
| 5:27 | Create | Villager (Male) |
| 5:58 | Create | Villager (Male) |
| 5:58 | Create | Villager (Male) |
| 6:35 | Create | Villager (Male) |
| 6:58 | Create | Villager (Male) |
| 6:58 | Create | Villager (Male) |
| 7:26 | Create | Villager (Male) |
| 7:26 | Create | Villager (Male) |
| 7:35 | Build | House |
| 7:51 | Build | House |
| 7:56 | Create | Villager (Male) |
| 7:56 | Create | Villager (Male) |
| 8:08 | Create | Villager (Male) |
| 8:09 | Create | Villager (Male) |
| 8:36 | Build | Lumber Camp |
| 9:03 | Build | House |
| 9:07 | Create | Villager (Male) |
| 9:07 | Create | Villager (Male) |
| 9:07 | Create | Villager (Male) |
| 9:07 | Create | Villager (Male) |
| 9:08 | Create | Villager (Male) |
| 9:08 | Create | Villager (Male) |
| 9:42 | Create | Villager (Male) |
| 9:42 | Create | Villager (Male) |
| 9:45 | Build | House |
| 9:48 | Create | Villager (Male) |
| 9:48 | Create | Villager (Male) |
| 9:53 | Create | Villager (Male) |
| 9:53 | Create | Villager (Male) |
| 11:09 | Build | Palisade Wall |
| 11:11 | Build | Palisade Wall |
| 11:18 | Build | Palisade Wall |
| 12:04 | Build | House |
| 12:07 | Build | Palisade Wall |
| 12:21 | Build | Palisade Wall |
| 12:28 | Build | Lumber Camp |
| 12:57 | Build | Barracks |
| 12:59 | Create | Villager (Male) |
| 13:08 | Create | Villager (Male) |
| 13:16 | Create | Villager (Male) |
| 13:22 | Build | Palisade Wall |
| 13:23 | Build | Palisade Wall |
| 13:50 | Research | Feudal Age |
| 13:51 | Research | Feudal Age |
| 13:55 | Build | Mining Camp |
| 15:37 | Create | Villager (Male) |
| 15:37 | Create | Villager (Male) |
| 16:00 | Build | House |
| 16:02 | Build | House |
| 16:15 | Build | Archery Range |
| 16:17 | Research | Double-Bit Axe |
| 16:40 | Build | Palisade Wall |
| 16:42 | Build | Palisade Wall |
| 17:07 | Build | Dock |
| 17:15 | Create | Archer |
| 17:16 | Create | Archer |
| 18:05 | Create | Archer |
| 18:06 | Create | Archer |
| 19:58 | Create | Fishing Ship |
| 19:58 | Create | Fishing Ship |
| 19:59 | Create | Fishing Ship |
| 20:31 | Build | Mill |
| 20:47 | Create | Archer |
| 20:47 | Create | Archer |
| 22:15 | Create | Villager (Male) |
| 22:15 | Create | Villager (Male) |
| 22:41 | Create | Fishing Ship |
| 22:41 | Create | Fishing Ship |
| 22:45 | Build | Mill |
| 22:46 | Build | Farm |
| 22:46 | Build | Farm |
| 22:47 | Build | Farm |
| 22:47 | Build | Farm |
| 22:49 | Create | Villager (Male) |
| 23:13 | Build | Outpost |
| 23:16 | Build | House |
| 23:34 | Create | Archer |
| 23:50 | Build | House |
| 24:02 | Build | Town Center |
| 24:11 | Build | House |
| 24:26 | Create | Archer |
| 24:55 | Build | Mining Camp |
| 25:04 | Build | Palisade Wall |
| 25:05 | Build | Palisade Wall |
| 25:06 | Build | Palisade Wall |
| 25:09 | Create | Villager (Male) |
| 25:10 | Create | Villager (Male) |
| 25:10 | Create | Villager (Male) |
| 25:10 | Create | Villager (Male) |
| 25:10 | Create | Villager (Male) |
| 25:11 | Create | Villager (Male) |
| 25:17 | Build | Fish Trap |
| 25:20 | Create | Villager (Male) |
| 25:20 | Create | Villager (Male) |
| 25:35 | Create | Skirmisher |
| 25:36 | Create | Skirmisher |
| 25:36 | Create | Skirmisher |
| 25:36 | Create | Archer |
| 25:36 | Create | Archer |
| 25:37 | Create | Archer |
| 25:39 | Create | Villager (Male) |
| 25:39 | Create | Villager (Male) |
| 25:40 | Create | Villager (Male) |
| 25:47 | Build | Fish Trap |
| 25:56 | Create | Villager (Male) |
| 25:59 | Build | Fish Trap |
| 27:06 | Build | Fish Trap |
| 27:08 | Build | Fish Trap |
| 27:12 | Build | Farm |
| 27:13 | Build | Farm |
| 27:24 | Build | Watch Tower |
| 27:29 | Build | Blacksmith |
| 27:31 | Create | Villager (Male) |
| 27:49 | Create | Archer |
| 27:50 | Create | Archer |
| 27:50 | Create | Archer |
| 27:50 | Create | Archer |
| 28:15 | Research | Fletching |
| 28:29 | Create | Villager (Male) |
| 28:29 | Create | Villager (Male) |
Match timeline
| 1:53 | JanChess · wall_segment Palisade Wall x1 |
| 2:14 | JanChess · wall_segment Palisade Wall x1 |
| 2:16 | JanChess · wall_segment Palisade Wall x8 |
| 4:56 | DS_Gitano Urbano · wall_segment Palisade Wall x1 |
| 5:01 | DS_Gitano Urbano · wall_segment Palisade Wall x1 |
| 5:43 | DS_Gitano Urbano · wall_segment Palisade Wall x1 |
| 5:45 | DS_Gitano Urbano · wall_segment Palisade Wall x1 |
| 5:46 | DS_Gitano Urbano · wall_segment Palisade Wall x1 |
| 11:09 | JanChess · wall_segment Palisade Wall x1 |
| 11:11 | JanChess · wall_segment Palisade Wall x4 |
| 11:18 | JanChess · wall_segment Palisade Wall x1 |
| 12:07 | JanChess · wall_segment Palisade Wall x4 |
| 12:21 | JanChess · wall_segment Palisade Wall x1 |
| 12:57 | JanChess · first_building Barracks |
| 13:22 | JanChess · wall_segment Palisade Wall x1 |
| 13:23 | JanChess · wall_segment Palisade Wall x1 |
| 16:15 | JanChess · first_building Archery Range |
| 16:40 | JanChess · wall_segment Palisade Wall x1 |
| 16:42 | JanChess · wall_segment Palisade Wall x1 |
| 17:07 | JanChess · first_building Dock |
| 21:30 | DS_Gitano Urbano · age_up feudal |
| 24:42 | DS_Gitano Urbano · first_market_sell 500 stone |
| 24:42 | DS_Gitano Urbano · first_market_buy 500 food |
| 25:04 | JanChess · wall_segment Palisade Wall x1 |
| 25:05 | JanChess · wall_segment Palisade Wall x1 |
| 25:06 | JanChess · wall_segment Palisade Wall x1 |
| 31:28 | JanChess · first_market_sell 100 wood |
| 31:30 | JanChess · first_market_buy 100 food |
| 32:25 | DS_Gitano Urbano · age_up castle |
| 32:37 | DS_Gitano Urbano · first_building Castle |
| 33:02 | JanChess · resign |
[ AI ANALYSIS · 1 CREDIT ]
What really happened in this match?
Wolo.gg analyzes every decision: build order, eco, micro, common mistakes by bracket. Personalized analysis on WhatsApp or Discord in 30 seconds.
Civ guide
Saracens
Perfil
Jugador #352739